[Event "Saturday Night Round Robin Blitz 3m+1s Starts at 2200hrs ST"]
[Site "Infinity Chess"]
[Date "2018.4.28"]
[Round "1"]
[White "HerzsjeMZ"]
[Black "beka"]
[Result "1-0 "]
[ECO "B90"]
[WhiteElo "2488"]
[BlackElo "2441"]
[WhiteEngine "SugaR.XPrO.1.4.64.POCNT"]
[BlackEngine "asmFishW_2018-04-24_base"]
[EventType "Round Robin"]
[WhiteTeam ""]
[BlackTeam ""]
[PlyCount "208"]
[TimeControl "180+1"]

1. e4 c5 2. Nf3 d6 3. d4 cxd4 4. Nxd4 Nf6 5. Nc3 a6 6. Be3 e5 7. Nb3 Be6 
8. Be2 Be7 9. Qd3 O-O 10. O-O Nc6 11. a3 Rc8 12. Rfe1 Na5 13. Nxa5 Qxa5 
14. h3 b5 15. Bd2 Qb6 16. Qg3 Kh8 17. Bd3 Qc6 18. Red1 Rc7 19. Qf3 h6 
20. Qe2 Rb8 21. b4 d5 22. Nxd5 Nxd5 23. exd5 Qxd5 24. Re1 Rd8 25. Rad1 Bf6 
26. Bc1 Qc6 27. Qh5 Rd4 28. Bb2 Rh4 29. Qe2 Bd5 30. Bf5 Re7 31. g3 Rc4 
32. Qd3 Be6 33. Bxe5 Rd7 34. Qxd7 Bxd7 35. Rxd7 g6 36. Rxf7 Bxe5 37. Rxe5 gxf5 
38. Ree7 Kg8 39. Rg7+ Kh8 40. Rh7+ Kg8 41. Reg7+ Kf8 42. Rb7 Kg8 43. Rhd7 Qc8 
44. Rg7+ Kf8 45. Rbf7+ Ke8 46. Ra7 Kf8 47. Rh7 Kg8 48. Rag7+ Kf8 49. Rg6 Qb8 
50. Rh8+ Kf7 51. Rxb8 Kxg6 52. Rb6+ Kg7 53. Rxa6 Rxc2 54. Ra5 f4 55. gxf4 Rc3 
56. Kg2 Kf7 57. Rxb5 Rxa3 58. Rb8 Ke6 59. b5 Kd6 60. f5 Ra7 61. b6 Rf7 
62. Kg3 Rxf5 63. b7 Kc7 64. Rh8 Kxb7 65. Rxh6 Kc8 66. h4 Kd7 67. f4 Ke7 
68. Kg4 Rd5 69. Rh5 Rd1 70. Kf5 Rg1 71. Rh7+ Kf8 72. Rc7 Ra1 73. Kf6 Kg8 
74. f5 Ra3 75. h5 Ra6+ 76. Kg5 Ra2 77. Kf6 Ra6+ 78. Kg5 Ra2 79. h6 Rg2+ 
80. Kf6 Ra2 81. Kg6 Rg2+ 82. Kf6 Ra2 83. Re7 Ra1 84. Ke5 Re1+ 85. Kd6 Rd1+ 
86. Ke6 Re1+ 87. Kd7 Rd1+ 88. Ke8 Rf1 89. Re5 Kh7 90. Kf7 Ra1 91. Re6 Ra8 
92. Re8 Ra1 93. f6 Ra6 94. Re1 Ra8 95. Rf1 Ra5 96. Ke6 Ra6+ 97. Kd5 Ra5+ 
98. Kc6 Ra6+ 99. Kb7 Ra2 100. f7 Rb2+ 101. Kc7 Rc2+ 102. Kd6 Rd2+ 103. Ke5 Re2+ 
104. Kf4 Rc2 1-0

[Event "Saturday Night Round Robin Blitz 3m+1s Starts at 2200hrs ST"]
[Site "Infinity Chess"]
[Date "2018.4.28"]
[Round "1"]
[White "aleks"]
[Black "klasman"]
[Result "1/2-1/2"]
[ECO "B91"]
[WhiteElo "2491"]
[BlackElo "2426"]
[WhiteEngine "stockfish_9_x64_popcnt_CTG"]
[BlackEngine "asmFishW_2018-04-11_popcnt"]
[EventType "Round Robin"]
[WhiteTeam ""]
[BlackTeam ""]
[PlyCount "101"]
[TimeControl "180+1"]

1. e4 c5 2. Nf3 d6 3. d4 cxd4 4. Nxd4 Nf6 5. Nc3 a6 6. g3 e5 7. Nde2 Be7 
8. Bg2 O-O 9. O-O Be6 10. h3 Nbd7 11. a4 Nc5 12. a5 b5 13. axb6 Qxb6 14. g4 h6 
15. Ng3 Rfc8 16. Nf5 Bf8 17. Qf3 Qd8 18. Rd1 Rab8 19. b3 a5 20. Bf1 Rb7 
21. g5 Ne8 22. Nd5 Bxd5 23. exd5 hxg5 24. Qg2 Rcb8 25. Bxg5 Qd7 26. Qg4 a4 
27. bxa4 Rb4 28. c4 Rxa4 29. Ng3 Rba8 30. Rxa4 Rxa4 31. Qxd7 Nxd7 32. h4 g6 
33. Rb1 Nef6 34. Be2 Ra7 35. Kg2 Kh7 36. Be3 Ra2 37. Rb7 Bh6 38. Bg5 Kg7 
39. Bd3 e4 40. Bb1 Ra1 41. Rb4 Nc5 42. Bxf6+ Kxf6 43. Nxe4+ Nxe4 44. Bxe4 Ra2 
45. Rb3 Ke5 46. Bf3 Rc2 47. Rb7 Kf6 48. Rb6 Ke5 49. Rb7 Kf6 50. Rb6 Ke5 51. Rb7 
1/2-1/2

[Event "Saturday Night Round Robin Blitz 3m+1s Starts at 2200hrs ST"]
[Site "Infinity Chess"]
[Date "2018.4.28"]
[Round "1"]
[White "Gilgamesch"]
[Black "Chapi1958"]
[Result "1/2-1/2"]
[ECO "D11"]
[WhiteElo "2538"]
[BlackElo "2402"]
[WhiteEngine "BrainFish_180408_x64_bmi2"]
[BlackEngine "stockfish_9_x64_CTG"]
[EventType "Round Robin"]
[WhiteTeam ""]
[BlackTeam ""]
[PlyCount "120"]
[TimeControl "180+1"]

1. d4 d5 2. c4 c6 3. Nf3 Nf6 4. e3 e6 5. b3 Bd6 6. Bb2 Nbd7 7. Qc2 b6 
8. cxd5 Bb4+ 9. Nbd2 cxd5 10. Qc6 Rb8 11. Qa4 a5 12. a3 Bxd2+ 13. Nxd2 O-O 
14. b4 Bb7 15. Be2 Ra8 16. Qb3 Ne4 17. Nxe4 dxe4 18. bxa5 Ba6 19. Bxa6 Rxa6 
20. Qc2 Qa8 21. axb6 Nxb6 22. O-O f5 23. Bc3 Rc8 24. Qb3 Qd5 25. Rfb1 Qxb3 
26. Rxb3 Nd5 27. Be1 Rca8 28. h4 Ra4 29. f3 f4 30. fxe4 Nxe3 31. Bc3 Rc4 
32. Rab1 h5 33. Bd2 Rd8 34. Bxe3 fxe3 35. Rxe3 Rdxd4 36. Rb5 Rxe4 37. Rxe4 Rxe4 
38. Rxh5 Ra4 39. Rc5 Rxh4 40. Kf2 Rf4+ 41. Ke3 Ra4 42. Rc8+ Kf7 43. Rc3 g5 
44. Kf3 Kf6 45. Kf2 g4 46. Kg3 Kf5 47. Rc8 Rxa3+ 48. Kh4 g3 49. Rf8+ Ke4 
50. Rc8 e5 51. Rg8 Rd3 52. Rg4+ Ke3 53. Rxg3+ Kd2 54. Rg8 e4 55. Re8 e3 
56. Kg5 e2 57. Kf4 e1=Q 58. Rxe1 Kxe1 59. g4 Rd1 60. g5 Ra1 1/2-1/2

[Event "Saturday Night Round Robin Blitz 3m+1s Starts at 2200hrs ST"]
[Site "Infinity Chess"]
[Date "2018.4.28"]
[Round "1"]
[White "BlitzMaster"]
[Black "coreoptimist"]
[Result "1/2-1/2"]
[ECO "D30"]
[WhiteElo "2542"]
[BlackElo "2400"]
[WhiteEngine "asmFishW_2018-04-11_popcnt"]
[BlackEngine "asmFishW_2018-04-25_bmi2_CTG"]
[EventType "Round Robin"]
[WhiteTeam ""]
[BlackTeam ""]
[PlyCount "120"]
[TimeControl "180+1"]

1. d4 d5 2. c4 e6 3. Nf3 Nf6 4. Nc3 c6 5. Bg5 h6 6. Bxf6 Qxf6 7. e3 Nd7 
8. Bd3 dxc4 9. Bxc4 g6 10. O-O Bg7 11. e4 Qe7 12. e5 O-O 13. Re1 Rd8 14. Rc1 b5 
15. Bd3 Bb7 16. Ne4 c5 17. Nxc5 Nxc5 18. dxc5 Qd7 19. Be2 Qxd1 20. Bxd1 a5 
21. a3 a4 22. Re3 h5 23. Be2 Bc6 24. h4 Bh6 25. Ng5 Rd2 26. Bf3 Bxf3 
27. Rxf3 Rxb2 28. c6 Rc8 29. Rd3 Kf8 30. Rd7 Bxg5 31. hxg5 Ke8 32. Ra7 Rb3 
33. Rc5 b4 34. axb4 Rb1+ 35. Kh2 Rxb4 36. Ra6 Rd4 37. Kg3 Rg4+ 38. Kh3 Rd4 
39. Rc3 Rb4 40. Rc5 Rb3+ 41. Kh4 a3 42. f3 Rd3 43. Rb5 a2 44. Rxa2 Rxc6 
45. Kg3 Rc8 46. Kh4 Rd7 47. f4 Kf8 48. Kh3 Kg7 49. Rb6 Rd4 50. g3 Rd3 
51. Rbb2 Rcc3 52. Rg2 Rd8 53. Kh4 Rc4 54. Rgc2 Rxc2 55. Rxc2 Rd3 56. Rc7 Rd2 
57. Kh3 Rd3 58. Kh4 Rd2 59. Kh3 Rd4 60. Kh4 Rd2 1/2-1/2

[Event "Sunday 01 April Rapid Engine Tour 12+1 Rounds 9 Starts 1600ST"]
[Site "Infinity Chess"]
[Date "2018.4.1"]
[Round "9"]
[White "star99"]
[Black "RonWeasley"]
[Result "1/2-1/2 "]
[ECO "C00"]
[WhiteElo "2396"]
[BlackElo "2442"]
[WhiteEngine "Cryptic Heroes 9.2B"]
[BlackEngine "BrainFish 290318_CTG"]
[EventType "Swiss"]
[WhiteTeam ""]
[BlackTeam ""]
[PlyCount "146"]
[TimeControl "720+1"]

1. e4 e6 2. Nc3 d5 3. d4 Nf6 4. e5 Nfd7 5. f4 c5 6. Nf3 Nc6 7. Be3 cxd4 
8. Nxd4 Qb6 9. Qd2 Qxb2 10. Rb1 Qa3 11. Bb5 Nxd4 12. Bxd4 a6 13. Bxd7+ Bxd7 
14. Rb3 Qe7 15. Rxb7 Rc8 16. O-O Qd8 17. Qe3 Rc4 18. Rfb1 Be7 19. f5 Bg5 
20. Qd3 O-O 21. f6 Bc6 22. Re7 h6 23. g3 h5 24. h4 Bh6 25. Kh2 Qc8 26. fxg7 Bxg7 
27. Ra7 Rd8 28. Rb2 Rd7 29. Rxd7 Bxd7 30. Ne2 Bb5 31. Qd2 Qf8 32. Nf4 Bh6 
33. Qf2 Bxf4 34. gxf4 Ba4 35. a3 Qh6 36. c3 Bd1 37. f5 Bg4 38. fxe6 Bxe6 
39. Qf3 Rc6 40. a4 a5 41. Rb5 Rc8 42. Rxa5 Kh7 43. Bf2 Rc4 44. Ra8 Rf4 
45. Qg3 Rg4 46. Qd3+ Re4 47. a5 Bf5 48. Qf3 Rf4 49. Qg2 Rg4 50. Bg3 Be4 
51. Qf2 Rg7 52. Qf4 Qxf4 53. Bxf4 Rg2+ 54. Kh3 Rc2 55. Ra6 Rxc3+ 56. Kh2 Rc2+ 
57. Kg1 Ra2 58. e6 fxe6 59. Rxe6 Rxa5 60. Rh6+ Kg8 61. Rxh5 Kf7 62. Rh6 d4 
63. Rd6 Ra2 64. Rxd4 Rg2+ 65. Kf1 Rg4 66. Rxe4 Rxh4 67. Kg2 Rh7 68. Kf3 Kf6 
69. Bg3 Ra7 70. Kg4 Ra2 71. Bh4+ Kg6 72. Be1 Kf6 73. Bh4+ Kf7 1/2-1/2

[Event "Sunday 01 April Rapid Engine Tour 12+1 Rounds 9 Starts 1600ST"]
[Site "Infinity Chess"]
[Date "2018.4.1"]
[Round "9"]
[White "AHGST"]
[Black "ocirema"]
[Result "0-1"]
[ECO "C25"]
[WhiteElo "2377"]
[BlackElo "2417"]
[WhiteEngine "komodo-11.3.1-64bit-BMI2"]
[BlackEngine "asmFishW_2018-03-23_popcnt"]
[EventType "Swiss"]
[WhiteTeam ""]
[BlackTeam ""]
[PlyCount "176"]
[TimeControl "720+1"]

1. e4 e5 2. Nc3 Nc6 3. Nf3 Nf6 4. Bb5 Nd4 5. Ba4 c6 6. Nxe5 d6 7. Nf3 Bg4 
8. d3 Bh5 9. h3 Nxf3+ 10. gxf3 d5 11. exd5 Nxd5 12. Qe2+ Be7 13. Nxd5 Qxd5 
14. Bb3 Qxf3 15. Qxf3 Bxf3 16. O-O O-O 17. Re1 Bf6 18. c3 Rfe8 19. Bf4 g5 
20. Bg3 Kg7 21. Re3 Bd5 22. Rae1 Rxe3 23. fxe3 Rd8 24. Bxd5 cxd5 25. Kf2 Kg6 
26. d4 Re8 27. Rc1 Rc8 28. Re1 b5 29. a3 Kf5 30. e4+ dxe4 31. Ke3 h5 
32. Rf1+ Kg6 33. Kxe4 Bg7 34. Bd6 Rd8 35. Bc7 Rd7 36. Be5 f6 37. Bb8 Bf8 
38. Bh2 h4 39. Bb8 a5 40. Kf3 a4 41. Re1 Kf7 42. Kg4 Rd5 43. Bc7 Be7 44. Kf3 Rd7 
45. Bh2 Bd6 46. Bxd6 Rxd6 47. Rg1 Re6 48. Kf2 Kg6 49. Rd1 f5 50. Rd3 Kf6 
51. Rd2 Re7 52. Kf3 f4 53. Rd3 Re1 54. d5 Rg1 55. Rd4 Rg3+ 56. Kf2 Ke7 
57. d6+ Kd7 58. Rd5 Rxh3 59. Rxg5 Rh2+ 60. Kf3 Rxb2 61. Ke4 f3 62. Kxf3 Kxd6 
63. Ke3 h3 64. Kd4 Ke6 65. Rh5 h2 66. Ke3 Kf6 67. Ke4 Kg6 68. Rh8 Kg5 
69. Kf3 Ra2 70. Ke4 Kg4 71. Kd4 Kg3 72. c4 bxc4 73. Kc5 Rxa3 74. Kb4 Rb3+ 
75. Kc5 Kg2 76. Rg8+ Rg3 77. Re8 h1=Q 78. Re5 Qc1 79. Re2+ Kh3 80. Re5 Qc3 
81. Kb5 a3 82. Rh5+ Kg2 83. Rc5 Qb3+ 84. Ka5 a2 85. Rxc4 a1=Q+ 86. Ra4 Qe5+ 
87. Ka6 Qeb5+ 88. Ka7 Qb7# 0-1

[Event "Sunday 01 April Rapid Engine Tour 12+1 Rounds 9 Starts 1600ST"]
[Site "Infinity Chess"]
[Date "2018.4.1"]
[Round "9"]
[White "hafaba"]
[Black "Prometheus"]
[Result "1/2-1/2"]
[ECO "C50"]
[WhiteElo "2402"]
[BlackElo "2443"]
[WhiteEngine "DracoREX 3.07 64BIT POPCNT"]
[BlackEngine "Eman 1.70-beta11 64-bit BMI2"]
[EventType "Swiss"]
[WhiteTeam ""]
[BlackTeam ""]
[PlyCount "154"]
[TimeControl "720+1"]

1. e4 e5 2. Nf3 Nc6 3. Bc4 Bc5 4. O-O d6 5. d3 Nf6 6. c3 a5 7. h3 O-O 8. Re1 h6 
9. Nbd2 Be6 10. Bb5 Qb8 11. Nf1 Qa7 12. Be3 Bxe3 13. Nxe3 Ne7 14. a4 Ng6 
15. Bc4 Bxc4 16. Nxc4 Qa6 17. g3 Rfe8 18. Ne3 Qc6 19. Nh2 Ne7 20. Nf3 Ng6 
21. Qb3 b6 22. Kg2 Qb7 23. Nh2 Nf8 24. Nhg4 N6d7 25. h4 h5 26. Nh2 Ne6 
27. Nf3 Nf6 28. Ng5 Rad8 29. Nxe6 Rxe6 30. Nd5 Nxd5 31. exd5 c5 32. Re2 Rf8 
33. Rae1 Rfe8 34. c4 R6e7 35. Re3 f6 36. Qb5 Qc7 37. f4 Qd8 38. f5 g6 39. Rf1 e4 
40. Qb3 gxf5 41. Rxf5 exd3 42. Rxe7 Qxe7 43. Qxd3 Kg7 44. b3 Qe3 45. Qxe3 Rxe3 
46. Rf3 Re4 47. Kf1 Kf7 48. Kg2 Re2+ 49. Kf1 Rb2 50. Ke1 Kg7 51. Kf1 Rc2 
52. Re3 Kf7 53. Ke1 Kg6 54. Re6 Rb2 55. Rxd6 Rxb3 56. Kd2 Kf7 57. Re6 Rxg3 
58. Rxb6 Rg4 59. Rb7+ Ke8 60. Kc3 Rxh4 61. Rb5 Rh3+ 62. Kb2 Kd7 63. Rxa5 Rh2+ 
64. Kc3 Rh3+ 65. Kb2 Rh2+ 66. Kb3 Rh3+ 67. Ka2 Rc3 68. Rxc5 h4 69. Kb2 h3 
70. d6 h2 71. Rh5 Rxc4 72. Kb3 h1=Q 73. Rxh1 Rc6 74. Rh7+ Kxd6 75. a5 Ke6 
76. Kb4 f5 77. a6 Ke5 1/2-1/2

[Event "Sunday 01 April Rapid Engine Tour 12+1 Rounds 9 Starts 1600ST"]
[Site "Infinity Chess"]
[Date "2018.4.1"]
[Round "9"]
[White "Longin"]
[Black "KhalidOmar"]
[Result "1/2-1/2"]
[ECO "C50"]
[WhiteElo "2452"]
[BlackElo "2445"]
[WhiteEngine "Raubfisch ME262_GTZ16f_CTG"]
[BlackEngine "Eman 1.70-beta12 64-bit BMI2"]
[EventType "Swiss"]
[WhiteTeam ""]
[BlackTeam ""]
[PlyCount "108"]
[TimeControl "720+1"]

1. e4 e5 2. Nf3 Nc6 3. Bc4 Bc5 4. O-O Nf6 5. d3 O-O 6. c3 d6 7. Re1 a5 
8. Nbd2 Be6 9. Bb5 Ba7 10. h3 Ne7 11. d4 Ng6 12. Ba4 Nh5 13. Nf1 Nhf4 
14. Ng3 exd4 15. Nxd4 Bxd4 16. cxd4 d5 17. Qf3 Qh4 18. Bc2 c6 19. Bxf4 Qxf4 
20. Qxf4 Nxf4 21. e5 f5 22. h4 g6 23. Rad1 b6 24. Re3 Bc8 25. Rc3 Bd7 
26. f3 Rfb8 27. Kf2 c5 28. Ne2 Nxe2 29. Kxe2 c4 30. h5 g5 31. a4 b5 
32. axb5 Rxb5 33. b3 cxb3 34. Bxb3 a4 35. Ra1 Rab8 36. Bc2 Rb4 37. Rc7 R8b7 
38. Rxb7 Rxb7 39. Bxa4 Ra7 40. Bxd7 Rxa1 41. Bxf5 Ra2+ 42. Ke3 Ra3+ 43. Kd2 Ra6 
44. g3 Ra4 45. f4 gxf4 46. gxf4 Rxd4+ 47. Ke3 Rd1 48. Bd3 Kg7 49. Kd4 h6 
50. f5 Kf7 51. Ke3 Ke7 52. Kd4 Kf7 53. Kc3 Rc1+ 54. Kd4 Rd1 1/2-1/2

[Event "Sunday 01 April Rapid Engine Tour 12+1 Rounds 9 Starts 1600ST"]
[Site "Infinity Chess"]
[Date "2018.4.1"]
[Round "9"]
[White "Marsell"]
[Black "Mr Aj"]
[Result "1/2-1/2"]
[ECO "B90"]
[WhiteElo "2458"]
[BlackElo "2451"]
[WhiteEngine "asmFishW_2018-03-16_bmi2"]
[BlackEngine "Houdini 6"]
[EventType "Swiss"]
[WhiteTeam ""]
[BlackTeam ""]
[PlyCount "176"]
[TimeControl "720+1"]

1. e4 c5 2. Nf3 d6 3. d4 cxd4 4. Nxd4 Nf6 5. Nc3 a6 6. Be3 e5 7. Nb3 Be6 
8. f3 Be7 9. Qd2 h5 10. Nd5 Nxd5 11. exd5 Bf5 12. Be2 O-O 13. O-O Bg6 
14. Rac1 a5 15. a4 Nd7 16. Bb5 Nf6 17. c4 b6 18. Qe2 Nd7 19. f4 exf4 
20. Bxf4 Nc5 21. Nd4 Bf6 22. Rcd1 Bxd4+ 23. Rxd4 Ra7 24. Rdd1 Re7 25. Qf3 Bc2 
26. Rd2 Bh7 27. Qxh5 Bd3 28. Rc1 Re4 29. Qf3 Qe7 30. Qg3 Rd8 31. h3 Nb3 
32. Rc3 Nxd2 33. Bxd2 Be2 34. Kh2 f6 35. Be3 Rb8 36. Bf4 Rd8 37. Re3 Rxe3 
38. Bxe3 Rb8 39. b3 Bh5 40. Bd4 Bf7 41. Qg4 Be8 42. Qf4 Bxb5 43. cxb5 Kf7 
44. Qf3 Ke8 45. Qg4 Kd8 46. Qf5 Qd7 47. Qc2 Qf7 48. Qf5 Rb7 49. Kg3 Qe7 
50. Kh2 Kc7 51. Qc2+ Kb8 52. Qc6 g5 53. Bxb6 Qe5+ 54. g3 g4 55. h4 Rh7 
56. Kh1 Re7 57. Bf2 Rc7 58. Qb6+ Kc8 59. Qe3 Qxd5+ 60. Kh2 Qe5 61. Qd3 f5 
62. Qd2 Kb7 63. Qh6 Qe2 64. Kg2 Qf3+ 65. Kg1 Qd1+ 66. Kh2 Qd3 67. Kg1 Qf3 
68. Qg5 Qxb3 69. Qxf5 Qf3 70. Qxf3+ gxf3 71. Kf1 d5 72. h5 Rh7 73. g4 Rg7 
74. h6 Rg6 75. h7 Rh6 76. Be3 Rxh7 77. Kf2 Rh4 78. Kxf3 Rh3+ 79. Kf4 Kc7 
80. g5 Rh4+ 81. Kf5 Rxa4 82. g6 Re4 83. g7 Re8 84. Bc5 Rg8 85. Kf6 Kb7 
86. Kf7 Rxg7+ 87. Kxg7 a4 88. b6 a3 1/2-1/2

[Event "Sunday 01 April Rapid Engine Tour 12+1 Rounds 9 Starts 1600ST"]
[Site "Infinity Chess"]
[Date "2018.4.1"]
[Round "9"]
[White "MGR"]
[Black "KQRBNP"]
[Result "1/2-1/2"]
[ECO "D30"]
[WhiteElo "2462"]
[BlackElo "2399"]
[WhiteEngine "cFish_280318_64_POP"]
[BlackEngine "Eman 1.70-beta12 64-bit POPCNT"]
[EventType "Swiss"]
[WhiteTeam ""]
[BlackTeam ""]
[PlyCount "102"]
[TimeControl "720+1"]

1. d4 d5 2. c4 e6 3. Nf3 Nf6 4. Nc3 c6 5. e3 Nbd7 6. Qc2 Bd6 7. Bd3 O-O 
8. O-O dxc4 9. Bxc4 b5 10. Bd3 Bb7 11. e4 e5 12. h3 Re8 13. dxe5 Nxe5 
14. Nxe5 Bxe5 15. Be3 a6 16. a4 h6 17. f4 Bxc3 18. bxc3 c5 19. e5 Nd5 
20. Rae1 b4 21. cxb4 cxb4 22. Bd4 Nc3 23. Qf2 Qd5 24. Bxc3 bxc3 25. Re3 Rac8 
26. Be4 Qd7 27. Bc2 Red8 28. f5 Qc6 29. Qg3 Rd2 30. Rf2 Qb6 31. Kh2 a5 
32. Ree2 Rxe2 33. f6 g5 34. Rxe2 Qd4 35. e6 fxe6 36. Rxe6 Kf8 37. f7 Qf4 
38. Rxh6 Ke7 39. Rg6 Qxg3+ 40. Kxg3 Kxf7 41. Rxg5 Ke6 42. Rg7 Bd5 43. Kf2 Rb8 
44. Ke3 Rb2 45. Kd3 Kf6 46. Rg4 Rb4 47. g3 Rxg4 48. hxg4 Kg5 49. Kxc3 Kxg4 
50. Bb1 Bh1 51. Ba2 Kxg3 1/2-1/2

[Event "Sunday 01 April Rapid Engine Tour 12+1 Rounds 9 Starts 1600ST"]
[Site "Infinity Chess"]
[Date "2018.4.1"]
[Round "9"]
[White "KULLANI"]
[Black "fati64"]
[Result "1/2-1/2"]
[ECO "D31"]
[WhiteElo "2445"]
[BlackElo "2468"]
[WhiteEngine "BrainFish_180329_x64"]
[BlackEngine "BrainFish_180329_x64"]
[EventType "Swiss"]
[WhiteTeam ""]
[BlackTeam ""]
[PlyCount "115"]
[TimeControl "720+1"]

1. d4 d5 2. c4 e6 3. Nc3 c6 4. e4 dxe4 5. Nxe4 Bb4+ 6. Bd2 Qxd4 7. Bxb4 Qxe4+ 
8. Be2 Na6 9. Ba5 b6 10. Qd6 Bd7 11. Bc3 f6 12. O-O-O O-O-O 13. Qa3 Kb7 
14. Bf3 Qf4+ 15. Rd2 Qc7 16. Ne2 e5 17. Rhd1 Nh6 18. Ng3 Be6 19. Bxc6+ Kxc6 
20. Qxa6 Rxd2 21. Rxd2 Bc8 22. Qb5+ Kb7 23. Qd5+ Qc6 24. Qd3 Nf7 25. f3 g6 
26. Qd5 Qxd5 27. cxd5 Bf5 28. f4 Rc8 29. Rf2 Nd6 30. Nxf5 Nxf5 31. fxe5 fxe5 
32. Re2 Kc7 33. Bxe5+ Kd7+ 34. Kd2 Rc5 35. Kd3 Rxd5+ 36. Ke4 Ke6 37. Bb8 a6 
38. g4 Nd6+ 39. Kf4+ Kd7 40. Rc2 Ne8 41. Be5 a5 42. b3 Nd6 43. Re2 Kc6 
44. h4 Rd1 45. Rc2+ Kd5 46. Bxd6 Kxd6 47. Kg5 Rg1 48. Rc8 h5 49. Kxg6 Rxg4+ 
50. Kxh5 Rg2 51. a3 Rg3 52. a4 Rxb3 53. Rc1 Rb4 54. Rd1+ Kc5 55. Ra1 b5 
56. axb5 a4 57. Kg5 Kxb5 58. h5 1/2-1/2

[Event "Sunday 01 April Rapid Engine Tour 12+1 Rounds 9 Starts 1600ST"]
[Site "Infinity Chess"]
[Date "2018.4.1"]
[Round "9"]
[White "Murx"]
[Black "MCDermont"]
[Result "1/2-1/2"]
[ECO "C11"]
[WhiteElo "2476"]
[BlackElo "2511"]
[WhiteEngine "BrainFish_180329_x64_modern"]
[BlackEngine "BrainFish 290318_CTG"]
[EventType "Swiss"]
[WhiteTeam ""]
[BlackTeam ""]
[PlyCount "96"]
[TimeControl "720+1"]

1. e4 e6 2. d4 d5 3. Nc3 Nf6 4. e5 Nfd7 5. f4 c5 6. Nf3 Nc6 7. Be3 cxd4 
8. Nxd4 Qb6 9. Qd2 Qxb2 10. Rb1 Qa3 11. Bb5 Nxd4 12. Bxd4 a6 13. Bxd7+ Bxd7 
14. Rb3 Qe7 15. Rxb7 Rc8 16. O-O Qd8 17. f5 exf5 18. Qd3 Bc5 19. Bxc5 Rxc5 
20. Nxd5 Bc8 21. Re7+ Kf8 22. Qa3 Qa5 23. Qxa5 Rxa5 24. Rc7 Be6 25. Nf4 Rxe5 
26. Nxe6+ Rxe6 27. Rxf5 Re7 28. Rc8+ Re8 29. Rfc5 Ke7 30. R8c6 g6 31. a4 Ra8 
32. Rc7+ Kf6 33. Rc3 Kg7 34. Rf3 Rhf8 35. h3 Rab8 36. Ra7 Rb6 37. g4 Rc6 
38. c3 g5 39. c4 Rxc4 40. Rxa6 f6 41. Kf2 Kg6 42. Kg3 h5 43. gxh5+ Kxh5 
44. Raxf6 Rxf6 45. Rxf6 Rxa4 46. Rd6 Ra2 47. Rd3 Ra7 48. h4 gxh4+ 1/2-1/2

[Event "Sunday 01 April Rapid Engine Tour 12+1 Rounds 9 Starts 1600ST"]
[Site "Infinity Chess"]
[Date "2018.4.1"]
[Round "9"]
[White "Eman"]
[Black "Thinker"]
[Result "1/2-1/2"]
[ECO "C77"]
[WhiteElo "2511"]
[BlackElo "2461"]
[WhiteEngine "Eman 1.70-beta12 64-bit POPCNT"]
[BlackEngine "BrainFish_180329_x64_modern_CTG"]
[EventType "Swiss"]
[WhiteTeam ""]
[BlackTeam ""]
[PlyCount "110"]
[TimeControl "720+1"]

1. e4 e5 2. Nf3 Nc6 3. Bb5 a6 4. Ba4 Nf6 5. O-O Be7 6. Re1 b5 7. Bb3 O-O 
8. a4 b4 9. c3 d6 10. d3 Rb8 11. a5 Be6 12. Bxe6 fxe6 13. Nbd2 Qe8 14. h3 Nd7 
15. Nf1 bxc3 16. bxc3 Na7 17. Be3 c5 18. d4 cxd4 19. cxd4 Nb5 20. Ng3 exd4 
21. Nxd4 Nxd4 22. Qxd4 Nc5 23. Rab1 Qa4 24. Qxa4 Nxa4 25. Rec1 Rxb1 26. Rxb1 Rc8 
27. Rb7 Bf6 28. Ra7 Nc5 29. Ne2 Rc6 30. Nd4 Rc8 31. Ne2 Rc6 32. Ra8+ Kf7 
33. Nd4 Rc7 34. g4 h6 35. Nf3 Rc6 36. Ra7+ Kf8 37. e5 dxe5 38. h4 e4 39. Nd4 Rd6 
40. Ne2 Rc6 41. h5 Be5 42. Nd4 Rc8 43. Kf1 Bd6 44. Ne2 Kg8 45. Nf4 Rc7 
46. Ra8+ Kf7 47. Nh3 Kf6 48. Bd4+ e5 49. Bxc5 Rxc5 50. Rxa6 Ke6 51. Ng1 Rc1+ 
52. Kg2 Rc2 53. Kf1 Rc1+ 54. Kg2 Rc2 55. Kf1 Rc1+ 1/2-1/2

[Event "Sunday 01 April Rapid Engine Tour 12+1 Rounds 9 Starts 1600ST"]
[Site "Infinity Chess"]
[Date "2018.4.1"]
[Round "9"]
[White "Susanne"]
[Black "SkyPilot"]
[Result "1/2-1/2"]
[ECO "C53"]
[WhiteElo "2521"]
[BlackElo "2488"]
[WhiteEngine "stockfish_jv_x64_bmi2_CTG"]
[BlackEngine "stockfish_x64_bmi2_2018_03_26_CTG"]
[EventType "Swiss"]
[WhiteTeam ""]
[BlackTeam ""]
[PlyCount "157"]
[TimeControl "720+1"]

1. e4 e5 2. Nf3 Nc6 3. Bc4 Bc5 4. c3 Nf6 5. d3 d6 6. O-O O-O 7. Nbd2 a5 
8. Re1 h6 9. h3 Be6 10. b3 Bb6 11. a4 d5 12. Bb5 Ne7 13. exd5 Nfxd5 14. Qc2 c6 
15. Bc4 Ng6 16. d4 Ndf4 17. dxe5 Nh4 18. Bf1 Bd5 19. Re4 Nfg6 20. Bc4 Re8 
21. g3 Nxf3+ 22. Nxf3 Qd7 23. Bxd5 cxd5 24. Rg4 Qc6 25. Nd4 Bxd4 26. Rxd4 Nxe5 
27. Kg2 Rac8 28. Bf4 Ng6 29. Be3 Ne7 30. Rad1 b6 31. Rc1 Qe6 32. Rf4 g6 
33. Bd4 Nf5 34. Rd1 Rc6 35. Qd3 Rec8 36. h4 h5 37. Rc1 Qe7 38. Qb5 Qe6 
39. Qd3 Qe7 40. Qd1 Nxd4 41. Qxd4 Rc5 42. Rd1 b5 43. Rf3 bxa4 44. bxa4 Qe8 
45. Rb1 Qd7 46. Rb6 Rc4 47. Qe5 Re8 48. Rb8 Rxb8 49. Qxb8+ Rc8 50. Qf4 Rc6 
51. Rd3 Qe6 52. Re3 Qd7 53. Qb8+ Rc8 54. Qf4 Rc6 55. Rf3 Rc4 56. Qb8+ Rc8 
57. Qb3 Qc6 58. Kh2 Rd8 59. Kh3 Kg7 60. Rf4 Kg8 61. Kh2 Rf8 62. Rd4 Rd8 
63. Rd3 Kg7 64. Kg2 d4+ 65. Kh2 Qf6 66. Kg1 dxc3 67. Rxd8 Qxd8 68. Qxc3+ Kh7 
69. Qc4 Qd7 70. Kh2 Qb7 71. Qb5 Qxb5 72. axb5 a4 73. b6 a3 74. Kg2 a2 
75. b7 a1=Q 76. b8=Q Qd4 77. Qf8 Qd5+ 78. Kf1 Qh1+ 79. Ke2 1/2-1/2

[Event "Sunday 01 April Rapid Engine Tour 12+1 Rounds 9 Starts 1600ST"]
[Site "Infinity Chess"]
[Date "2018.4.1"]
[Round "9"]
[White "Brtroy"]
[Black "IronMan"]
[Result "1/2-1/2"]
[ECO "D31"]
[WhiteElo "2513"]
[BlackElo "2453"]
[WhiteEngine "BrainFish_180329_x64_bmi2_CTG"]
[BlackEngine "Eman 1.70-beta11 64-bit BMI2"]
[EventType "Swiss"]
[WhiteTeam ""]
[BlackTeam ""]
[PlyCount "55"]
[TimeControl "720+1"]

1. d4 d5 2. c4 e6 3. Nc3 c6 4. Nf3 Nf6 5. e3 Nbd7 6. Qc2 Bd6 7. Bd3 O-O 
8. O-O dxc4 9. Bxc4 a6 10. Rd1 b5 11. Bd3 Bb7 12. Ng5 h6 13. Nge4 Bc7 14. a3 a5 
15. Bd2 c5 16. dxc5 Bxh2+ 17. Kxh2 Ng4+ 18. Kg3 f5 19. f3 Nge5 20. f4 Qe8 
21. Bxb5 fxe4 22. Kf2 Qh5 23. c6 Bxc6 24. Bxc6 Ng4+ 25. Ke2 Nge5+ 26. Kf2 Ng4+ 
27. Ke2 Nge5+ 28. Kf2 1/2-1/2

[Event "Sunday 01 April Rapid Engine Tour 12+1 Rounds 9 Starts 1600ST"]
[Site "Infinity Chess"]
[Date "2018.4.1"]
[Round "9"]
[White "angriff"]
[Black "MarioDeMonti"]
[Result "0-1"]
[ECO "C55"]
[WhiteElo "2399"]
[BlackElo "2504"]
[WhiteEngine "DracoREX 3.07 64BIT POPCNT_CTG"]
[BlackEngine "stockfish_x64_bmi2_2018_02_18_CTG"]
[EventType "Swiss"]
[WhiteTeam ""]
[BlackTeam ""]
[PlyCount "208"]
[TimeControl "720+1"]

1. e4 e5 2. Nf3 Nc6 3. Bc4 Nf6 4. d3 Bc5 5. c3 d6 6. O-O a5 7. Bg5 Ba7 
8. Nbd2 h6 9. Bh4 Qe7 10. Bb5 g5 11. Bg3 O-O 12. Nc4 Nb8 13. Ba4 Be6 
14. Ncd2 Nh5 15. d4 Nxg3 16. hxg3 Nd7 17. a3 g4 18. Nh4 exd4 19. Nf5 Bxf5 
20. exf5 dxc3 21. Qxg4+ Qg5 22. Qxg5+ hxg5 23. bxc3 Nf6 24. Rab1 Rfb8 25. c4 c6 
26. Rb3 d5 27. Rfb1 dxc4 28. Rxb7 Rxb7 29. Rxb7 c3 30. Nf3 Ng4 31. Kf1 Bxf2 
32. Ke2 f6 33. Rd7 Bxg3 34. Kd3 Be5 35. Kc2 Re8 36. Rd3 Rc8 37. Nxe5 Nxe5 
38. Rd4 Kg7 39. Kxc3 Rh8 40. Bc2 Rh2 41. Rd2 Rh4 42. Rd4 c5 43. Re4 Rxe4 
44. Bxe4 g4 45. Kb3 Kh6 46. Bd5 Kg5 47. Ka4 c4 48. Kxa5 c3 49. Bb3 Nc6+ 
50. Kb6 Nd4 51. Bd1 Nxf5 52. a4 Ne3 53. Bb3 Nxg2 54. a5 g3 55. a6 Ne1 56. a7 g2 
57. a8=Q g1=Q+ 58. Kb5 Qd4 59. Qh1 Qe5+ 60. Kc6 c2 61. Qg1+ Kh6 62. Bxc2 Nxc2 
63. Qh1+ Kg6 64. Qg2+ Kh6 65. Qxc2 f5 66. Qf2 f4 67. Kb7 Qe4+ 68. Ka6 f3 
69. Kb6 Kg5 70. Kc5 Kg4 71. Kb6 Kh3 72. Qf1+ Kg3 73. Qg1+ Kf4 74. Qh2+ Ke3 
75. Qh6+ Kd3 76. Qh3 Qg6+ 77. Ka7 Ke2 78. Qc8 f2 79. Qc4+ Kf3 80. Qb3+ Kg4 
81. Qd1+ Kg3 82. Qb3+ Kh2 83. Qb2 Qf7+ 84. Kb6 Kh3 85. Qc3+ Kh4 86. Qb4+ Kg5 
87. Qb5+ Qf5 88. Qf1 Kf6 89. Kb7 Ke7 90. Kb8 Qe5+ 91. Ka8 Qa5+ 92. Kb7 Qe1 
93. Qc4 f1=Q 94. Qc5+ Ke6 95. Qc6+ Kf7 96. Qd5+ Kf8 97. Qd8+ Qe8 98. Qxe8+ Kxe8 
99. Kc6 Qd3 100. Kc7 Qb5 101. Kc8 Ke7 102. Kc7 Ke6 103. Kc8 Kd6 104. Kd8 Qd7# 
0-1